 Dungeon Crawl Stone Soup version 0.17-a0-755-g4391640 (webtiles) character file.

8593 oplop the Zephyrmancer (level 11, -6/62 HPs)
             Began as a Tengu Air Elementalist on Apr 23, 2015.
             Was a Follower of Ashenzari.
             Mangled by Joseph
             ... wielding a +0 quarterstaff
              (11 damage)
             ... on level 1 of the Lair of Beasts.
             The game lasted 00:46:23 (12511 turns).

oplop the Zephyrmancer (Tengu Air Elementalist)    Turns: 12511, Time: 00:46:23

Health: -6/62      AC: 10    Str:  8    XL:     11   Next: 33%
Magic:  10/24      EV: 17    Int: 19    God:    Ashenzari [*.....]
Gold:   450        SH:  0    Dex: 15    Spells: 7 memorised, 10 levels left

rFire  . . .     SeeInvis +     a - +1 whip (venom)
rCold  . . .     Clarity  .     s - +2 robe {MR+} (curse)
rNeg   . . .     SustAb   .     (no shield)
rPois  .         Gourm    .     (helmet restricted)
rElec  .         Spirit   .     J - +1 cloak
rCorr  +         Warding  .     S - +1 pair of gloves (curse)
rMut   .         Stasis   .     (boots unavailable)
MR     +++..                    l - amulet of resist corrosion (curse)
Stlth  ++........               o - ring of see invisible (curse)
                                F - ring of protection from magic (curse)

@: lethally poisoned (-6 -> -13), about to teleport, very slightly contaminated,
repel missiles, extremely resistant to hostile enchantments, unstealthy
A: beak, talons 3, repulsion field 1, thin metallic scales 1, magic resistance
1, wild magic 1, able to fly 1
a: Fly, Renounce Religion


You were on level 1 of the Lair of Beasts.
You worshipped Ashenzari.
Ashenzari was aware of your devotion.
You were not hungry.

You visited 3 branches of the dungeon, and saw 12 of its levels.
You also visited: Sewer and Volcano.

You collected 450 gold pieces.

Inventory:

Hand weapons
 a - a +1 whip of venom (weapon)
 b - a +0 blowgun
Missiles
 z - 3 curare-tipped needles
 C - 35 poisoned needles
Armour
 s - a cursed +2 robe of magic resistance (worn)
 J - a +1 cloak (worn)
 S - a cursed +1 pair of gloves (worn)
Jewellery
 l - a cursed amulet of resist corrosion (around neck)
 o - a cursed ring of see invisible (right hand)
 F - a cursed ring of protection from magic (left hand)
Magical devices
 m - a wand of fireball (11)
 x - a wand of confusion (4)
 E - a wand of frost (22)
 G - a wand of heal wounds (2)
 L - a wand of confusion (19)
 O - a wand of digging (10)
Scrolls
 d - a scroll of fear
 g - 6 scrolls of enchant weapon
 j - 2 scrolls of amnesia
 k - 4 scrolls of curse jewellery
 t - 3 scrolls of fog
 v - a scroll of recharging
 y - 3 scrolls of curse weapon
Potions
 f - 2 potions of flight
 i - a potion of curing
 r - a potion of ambrosia
 A - a potion of agility
 D - 2 potions of restore abilities
 I - a potion of cure mutation
Books
 n - a book of Spatial Translocations

   Spells                             Type                      Level
   a - Apportation                    Translocation                1
   b - Blink                          Translocation                2
   c - Shroud of Golubria             Charms/Translocation         2
   d - Portal Projectile              Translocation                3
   e - Teleport Other                 Translocation                3
   f - Passage of Golubria            Translocation                4
 B - a book of Air

   Spells                             Type                      Level
   a - Shock                          Conjuration/Air              1
   b - Swiftness                      Charms/Air                   2
   c - Repel Missiles                 Charms/Air                   2
   d - Flight                         Charms/Air                   3
   e - Static Discharge               Conjuration/Air              3
   f - Lightning Bolt                 Conjuration/Air              5
 H - a book of Debilitation

   Spells                             Type                      Level
   a - Corona                         Hexes                        1
   b - Slow                           Hexes                        2
   c - Gell's Gravitas                Hexes/Translocation          3
   d - Inner Flame                    Hexes/Fire                   3
   e - Cause Fear                     Hexes                        4
   f - Leda's Liquefaction            Hexes/Earth                  4
Comestibles
 c - 6 bread rations
 M - 3 beef jerkies
 N - 7 slices of pizza


   Skills:
 - Level 4.7 Fighting
 + Level 7.8 Maces & Flails
 + Level 4.9 Dodging
 - Level 2.0 Stealth
 + Level 8.1 Spellcasting
 + Level 9.9 Conjurations
 - Level 3.1 Translocations
 + Level 10.9 Air Magic


You had 10 spell levels left.
You knew the following spells:

 Your Spells              Type           Power        Failure   Level  Hunger
a - Shock                 Conj/Air       ####         1%          1    None
b - Static Discharge      Conj/Air       ######..     2%          3    None
c - Lightning Bolt        Conj/Air       ######....   11%         5    #####..
d - Apportation           Tloc           ####......   7%          1    None
e - Blink                 Tloc           N/A          11%         2    None
r - Repel Missiles        Chrm/Air       #####.       4%          2    None
s - Swiftness             Chrm/Air       #####...     4%          2    None


Dungeon Overview and Level Annotations

Branches:
Dungeon (10/15)            Temple (1/1) D:6            Lair (1/8) D:9
    Orc (0/4) D:9

Altars:
Ashenzari
Cheibriados
Dithmenos
Elyvilon
Fedhas
Gozag
Kikubaaqudgha
Makhleb
Nemelex Xobeh
Okawaru
Qazlal
Ru
Sif Muna
Trog
Vehumet
Xom
Yredelemnul
Zin
The Shining One

Annotations:
D:7 exclusion: downstairs
D:8 exclusion: electric eel
Lair:1 Joseph


Innate Abilities, Weirdness & Mutations

You have a beak for a mouth.
You have claws for feet.
You can fly.
You are surrounded by a mild repulsion field (EV +2).
You are partially covered in thin metallic scales (AC +2).
You are resistant to hostile enchantments.
Your spells are a little harder to cast, but a little more powerful.


Message History

Read which item? (? for menu, Esc to quit)
As you read the scroll of teleportation, it crumbles to dust.
You feel strangely unstable.
You feel very sick. The spiny frog closely misses you.
Unknown command.
Drink which item? (? for menu, Esc to quit)
You feel better. The spiny frog barely misses you. The spiny frog stings you!!
* * * LOW HITPOINT WARNING * * *
You are lethally poisoned!
The spiny frog poisons you! The spiny frog barely misses you.
Casting: Static Discharge
Confirm with . or Enter, or press ? or * to list all spells.
You blink.
* * * LOW HITPOINT WARNING * * *
You feel sick.
Joseph unwields an uncursed hunting sling.
Joseph wields an uncursed quarterstaff.
Joseph hits you with an uncursed quarterstaff!
You die...

....# .......P ###
......?.## #. ###..
..........# #.###....
...........## #..##....
............# #..##....
...........# #...#....
............# ###........
..$.....@.(.###.##.....(.
.........@..#.#..........
...........F§......#....
...........F......##....
..........###########..#
.........# #.## ........#
#P.# .......# ####
......# #


You could see Joseph and 2 spiny frogs.

Vanquished Creatures
  A hill giant (D:8)
  An ugly thing (Volcano)
  Maurice (D:8)
  An efreet (Volcano)
  A gargoyle (Volcano)
  A komodo dragon (Lair:1)
  Prince Ribbit (D:7)
  A two-headed ogre (D:8)
  2 fire elementals (Volcano)
  11 yaks
  A human (D:8)
  A basilisk (D:9)
  3 porcupines (D:9)
  2 water moccasins
  2 sky beasts (D:6)
  2 ogres (D:7)
  An orc warrior (D:7)
  An ice beast (D:6)
  2 centaurs (D:9)
  5 crocodiles
  A big kobold (Sewer)
  7 giant frogs
  2 scorpions (D:4)
  5 killer bees (D:9)
  A crimson imp (D:6)
  10 wights (D:8)
  A centaur zombie (D:7)
  2 centaur skeletons (D:6)
  2 hounds (D:6)
  A gnoll shaman (D:8)
  Crazy Yiuf (D:7)
  2 orc priests
  2 orc wizards
  2 iguanas
  2 sheep (D:8)
  10 worker ants
  A hound zombie (D:7)
  26 gnolls
  8 river rats
  4 adders
  A shadow imp (D:8)
  2 oozes (D:1)
  3 adder skeletons
  2 worms
  5 giant geckos
  22 orcs
  2 ball pythons
  12 goblins
  17 hobgoblins
  3 jackals
  6 quokkas
  16 bats
  9 giant cockroaches
  9 giant newts
  12 kobolds
  2 quokka skeletons
  15 rats
269 creatures vanquished.

Vanquished Creatures (others)
  A fire vortex (Volcano)
1 creature vanquished.

Grand Total: 270 creatures vanquished

Notes
Turn   | Place    | Note
--------------------------------------------------------------
     0 | D:1      | oplop, the Tengu Air Elementalist, began the quest for the Orb.
     0 | D:1      | Reached XP level 1. HP: 10/10 MP: 4/4
    18 | D:1      | Reached XP level 2. HP: 4/15 MP: 0/6
   446 | D:1      | Reached XP level 3. HP: 8/19 MP: 1/7
  1389 | D:2      | Reached skill level 5 in Air Magic
  1400 | D:2      | Reached XP level 4. HP: 17/24 MP: 0/9
  1751 | D:2      | Found a deep blue altar of Sif Muna.
  2155 | D:3      | Gained mutation: You can fly. [Tengu growth]
  2155 | D:3      | Reached XP level 5. HP: 28/28 MP: 1/10
  2779 | D:3      | Found a basalt altar of Yredelemnul.
  2939 | D:4      | Learned a level 2 spell: Repel Missiles
  2942 | D:4      | Learned a level 2 spell: Swiftness
  2946 | D:4      | Learned a level 3 spell: Static Discharge
  3184 | D:4      | Reached XP level 6. HP: 26/32 MP: 9/12
  3212 | D:4      | Reached skill level 6 in Air Magic
  3706 | D:4      | Reached XP level 7. HP: 36/36 MP: 2/14
  4020 | D:5      | Entered Level 5 of the Dungeon
  4285 | D:5      | Reached skill level 5 in Conjurations
  4547 | D:5      | Found a glowing drain.
  4565 | Sewer    | Entered a sewer
  4668 | Sewer    | Reached skill level 7 in Air Magic
  4770 | Sewer    | Found a white marble altar of Elyvilon.
  5548 | D:6      | Found a staircase to the Ecumenical Temple.
  5576 | Temple   | Entered the Ecumenical Temple
  5643 | D:6      | Found a stormy altar of Qazlal.
  6107 | D:6      | Reached skill level 8 in Air Magic
  6236 | D:6      | Found a white marble altar of Elyvilon.
  6255 | D:6      | Reached skill level 5 in Spellcasting
  6255 | D:6      | Reached XP level 8. HP: 34/41 MP: 16/16
  6718 | D:7      | Reached skill level 1 in Fighting
  6799 | D:7      | Found a white marble altar of Elyvilon.
  6859 | D:7      | Reached skill level 1 in Maces & Flails
  6913 | D:7      | Noticed Prince Ribbit
  7007 | D:7      | Noticed Crazy Yiuf
  7023 | D:7      | Killed Crazy Yiuf
  7048 | D:7      | Killed Prince Ribbit
  7682 | D:8      | Noticed Maurice
  8073 | D:8      | Noticed a hill giant
  8260 | D:7      | Reached skill level 9 in Air Magic
  8347 | D:6      | Reached XP level 9. HP: 33/50 MP: 10/18
  8553 | D:6      | Gained mutation: Your system is resistant to poisons. [potion of mutation]
  8553 | D:6      | Gained mutation: You are partially covered in thin metallic scales (AC +2). [potion of mutation]
  8553 | D:6      | Lost mutation: Your system is resistant to poisons. [potion of mutation]
  8554 | D:6      | Gained mutation: You are resistant to hostile enchantments. [potion of mutation]
  8554 | D:6      | Gained mutation: You are surrounded by a mild repulsion field (EV +2). [potion of mutation]
  8554 | D:6      | Gained mutation: Your spells are a little harder to cast, but a little more powerful. [potion of mutation]
  8561 | D:6      | Learned a level 5 spell: Lightning Bolt
  8827 | D:6      | Found an ancient bone altar of Kikubaaqudgha.
  8891 | D:8      | Killed a hill giant
  9063 | D:8      | Learned a level 1 spell: Apportation
  9066 | D:8      | Learned a level 2 spell: Blink
  9159 | D:8      | Found a glowing golden altar of the Shining One.
  9300 | D:8      | Reached skill level 1 in Translocations
  9458 | D:8      | Reached skill level 5 in Maces & Flails
  9903 | D:8      | Reached XP level 10. HP: 44/58 MP: 14/20
  9928 | D:8      | Killed Maurice
 10567 | D:9      | Found a staircase to the Lair.
 10687 | D:9      | Found a snail-covered altar of Cheibriados.
 10688 | D:9      | Found a shattered altar of Ashenzari.
 10689 | D:9      | Found an opulent altar of Gozag.
 10694 | D:9      | Became a worshipper of Ashenzari the Shackled
 10936 | D:9      | Identified the +5 ring mail of Miasab {rF+}
 10993 | D:9      | Reached skill level 10 in Air Magic
 11199 | D:9      | Found a staircase to the Orcish Mines.
 11438 | D:9      | Reached XP level 11. HP: 28/62 MP: 0/23
 11881 | D:10     | Entered Level 10 of the Dungeon
 11908 | D:10     | Noticed a hill giant
 12044 | Lair:1   | Entered Level 1 of the Lair of Beasts
 12105 | Lair:1   | Found a dark tunnel.
 12154 | Volcano  | Entered a volcano
 12231 | Volcano  | Found a bloodstained altar of Trog.
 12502 | Lair:1   | Noticed Joseph
 12511 | Lair:1   | Mangled by Joseph

Action                   |  1- 3 |  4- 6 |  7- 9 | 10-12 || total
-------------------------+-------+-------+-------+-------++-------
Melee: Unarmed           |     7 |       |       |       ||     7
       Whip              |    27 |    45 |    96 |   132 ||   300
 Fire: Blowgun           |       |       |    12 |     5 ||    17
 Cast: Shock             |    46 |   149 |   184 |   109 ||   488
       Static Discharge  |       |       |    43 |    22 ||    65
       Swiftness         |       |       |     2 |       ||     2
       Repel Missiles    |       |       |     1 |     1 ||     2
       Lightning Bolt    |       |       |     4 |    17 ||    21
       Apportation       |       |       |       |     5 ||     5
       Blink             |       |       |       |     2 ||     2
 Abil: Fly               |       |       |     1 |     1 ||     2
Evoke: Wand              |       |       |       |    20 ||    20
  Use: Scroll            |       |       |    23 |    11 ||    34
       Potion            |       |       |     6 |     6 ||    12
 Stab: Sleeping          |     1 |     2 |     3 |       ||     6
       Invisible         |       |       |     1 |     1 ||     2
       Distracted        |       |       |       |     1 ||     1
       Confused          |       |       |       |    10 ||    10
  Eat: Chunk             |     1 |     8 |     8 |     5 ||    22
       Beef jerky        |       |       |     3 |       ||     3
       Meat ration       |       |       |     1 |     1 ||     2
       Bread ration      |       |       |     2 |       ||     2
       Fruit             |       |       |       |     3 ||     3
